 Dungeon Crawl Stone Soup version 0.31-a0-983-g7b6862f502 (webtiles) character file.

Game seed: 10447632640479809762

2700 Naiya55 the Cleaver (level 9, -3/72 HPs)
             Began as a Formicid Fighter on Nov 3, 2023.
             Was an Initiate of Ru.
             Slain by a troll (6 damage)
             ... on level 7 of the Dungeon.
             The game lasted 00:25:26 (6823 turns).

Naiya55 the Cleaver (Formicid Fighter)              Turns: 6823, Time: 00:25:27

Health: -3/72      AC: 17    Str: 25    XL:     9   Next: 97%
Magic:  9/9        EV:  7    Int:  8    God:    Ru [......]
Gold:   726        SH:  5    Dex: 13    Spells: 8/8 levels left

rFire   . . .        a - +0 war axe
rCold   . . .        c - +0 buckler
rNeg    . . .        w - +0 plate armour
rPois   .            (helmet unavailable)
rElec   .            (no cloak)
rCorr   .            f - +0 pair of gloves
SInv    +            (no boots)
Will    .....        (no amulet) Stlth
                     i - +4 ring of protection
HPRegen 0.32/turn    (no ring)
MPRegen 0.11/turn

%: no passive effects
@: mighty
A: permanent stasis, dig shafts and tunnels, antennae 3, four strong arms
a: Dig, Shaft Self, Renounce Religion


You were on level 7 of the Dungeon.
You worshipped Ru.
Ru was noncommittal.
You visited 2 branches of the dungeon, and saw 8 of its levels.

You collected 782 gold pieces.
You spent 56 gold pieces at shops.

Inventory:

Hand Weapons
 a - a +0 war axe (weapon)
 q - a +1 flail of draining
Armour
 b - the +2 cloak of Tonneug {Fly rPois rC++ Regen+}
   (You found it on level 7 of the Dungeon)

   rC++:      It greatly protects you from cold.
   rPois:     It protects you from poison Fly: It grants you flight.
   Regen+:    It increases your rate of health regeneration.
 c - a +0 buckler (worn)
 f - a +0 pair of gloves (worn)
 w - a +0 plate armour (worn)
Jewellery
 i - a +4 ring of protection (left hand)
Wands
 p - a wand of iceblast (31)
 y - a wand of mindburst (17)
Scrolls
 e - a scroll of acquirement {unknown}
 h - 3 scrolls of amnesia {unknown}
 j - 5 scrolls of teleportation {unknown}
 k - 6 scrolls of identify
 m - a scroll of enchant weapon {unknown}
 n - a scroll of poison {unknown}
 o - a scroll of torment {unknown}
 t - a scroll of blinking {unknown}
 u - 2 scrolls of fear {unknown}
 z - a scroll of noise {unknown}
Potions
 g - a potion of curing
 r - 2 potions of enlightenment
 s - 2 potions of mutation
 v - a potion of lignification {unknown}
 x - a potion of brilliance {unknown}
 A - a potion of degeneration {unknown}


   Skills:
 + Level 7.4 Fighting
 - Level 10.0 Axes
 + Level 5.9 Armour
 - Level 6.3 Shields


You had 8 spell levels left.
You didn't know any spells.
Your spell library contained the following spells:

 Spells                   Type           Power      Damage    Failure   Level
 Slow                     Hex            0%         N/A       100%        1
 Cigotuvi's Dreadful Rot  Necr/Pois/Air  0%         N/A       100%        2
 Dazzling Flash           Conj/Hex       0%         N/A       100%        3
 Frozen Ramparts          Ice            0%         1d1       100%        3
 Inner Flame              Hex/Fire       0%         N/A       100%        3
 Ozocubu's Armour         Ice            0%         N/A       100%        3
 Volatile Blastmotes      Fire/Tloc      0%         2d10      100%        3
 Dispel Undead            Necr           0%         3d6       100%        4
 Petrify                  Tmut/Erth      0%         N/A       100%        4
 Metabolic Englaciation   Hex/Ice        0%         N/A       100%        5
 Death Channel            Necr           0%         N/A       100%        6
 Simulacrum               Ice/Necr       0%         N/A       100%        6
 Starburst                Conj/Fire      0%         6d3       100%        6
 Enfeeble                 Hex            0%         N/A       100%        7
 Maxwell's Capacitive Co  Air            0%         ∞         100%        8


Dungeon Overview and Level Annotations

Branches:
Dungeon (7/15)             Temple (1/1) D:7

Altars:
Ashenzari
Elyvilon
Hepliaklqana
Kikubaaqudgha
Makhleb
Nemelex Xobeh
Ru
Trog
Uskayaw
Vehumet
Xom
Yredelemnul
Zin
The Shining One

Shops:
D:5 ?   D:6 (


Innate Abilities, Weirdness & Mutations

You cannot be hasted, slowed, berserked, paralysed or teleported.
You can dig through walls and to a lower floor.
You have a pair of large antennae on your head. (SInv)
Your four strong arms can wield two-handed weapons with a shield.


Message History

The troll claws you!
* * * LOW HITPOINT WARNING * * *
You hit the troll.
The troll is moderately wounded.
The troll bites you.
* * * LOW HITPOINT WARNING * * *
The troll claws you.
* * * LOW HITPOINT WARNING * * *
The troll completely misses you.
You feel very mighty all of a sudden. The troll bites you.
* * * LOW HITPOINT WARNING * * *
The troll claws you but does no damage. You block the troll's attack.
You feel better. The troll barely misses you.
The troll claws you but does no damage. x2
You slash the troll!
The troll is heavily wounded.
You block the troll's attack. x2; The troll claws you.
* * * LOW HITPOINT WARNING * * *
You slice the troll!!
The troll is almost dead.
The troll closely misses you. The troll claws you but does no damage.
The troll claws you.
* * * LOW HITPOINT WARNING * * *
You closely miss the troll.
The troll is almost dead.
The troll barely misses you. The troll claws you.
* * * LOW HITPOINT WARNING * * *
The troll completely misses you.
You barely miss the troll.
The troll is almost dead.
You block the troll's attack. The troll claws you.
* * * LOW HITPOINT WARNING * * *
The troll claws you.
* * * LOW HITPOINT WARNING * * *
You closely miss the troll.
The troll is almost dead.
You block the troll's attack. The troll claws you but does no damage.
The troll claws you.
You die...

### ## ##.########## ...
#................ ....
#...............# .T.).
####..............#
..{...##..T..............#
......T...#@.......>.....#
.......####.............#
......# #..............#
.....# #.............###
..... #...............##
...# #...........##...##
### ###......#######...
#.###### ###. #.# ##


You could see a troll.

Vanquished Creatures
  Joseph (D:7)
  Sigmund (D:4)
  2 flying skulls (D:6)
  A steam dragon (D:7)
  A water moccasin (D:6)
  An elephant zombie (D:6)
  2 ice beasts
  A black bear (D:4)
  A sky beast (D:7)
  An ogre (D:5)
  A kobold brigand (D:6)
  3 scorpions (D:5)
  2 jellies
  A human zombie (D:6)
  2 orc priests (D:4)
  4 hounds
  A gnoll bouda (D:7)
  3 orc wizards
  A scorpion zombie (D:6)
  A sleepcap (D:6)
  An iguana (D:6)
  2 ogre zombies (D:6)
  3 hound zombies (D:6)
  4 howler monkey zombies (D:6)
  12 gnolls
  10 adders
  4 shadow imps
  An adder zombie (D:6)
  2 dart slugs (D:2)
  17 orcs
  7 ball pythons
  5 endoplasms
  4 giant cockroaches
  8 hobgoblins
  3 jackals (D:3)
  4 quokkas
  3 bats
  3 frilled lizards
  7 goblins
  16 kobolds
  6 rats
153 creatures vanquished.

Notes
Turn   | Place    | Note
-------+----------+-------------------------------------------
     0 | D:1      | Naiya55 the Formicid Fighter began the quest for the Orb.
     0 | D:1      | Reached XP level 1. HP: 18/18 MP: 1/1
   307 | D:1      | Reached XP level 2. HP: 22/24 MP: 2/2
   919 | D:1      | Reached skill level 3 in Axes
   919 | D:1      | Reached XP level 3. HP: 3/30 MP: 3/3
  1032 | D:2      | Reached XP level 4. HP: 16/37 MP: 4/4
  1144 | D:2      | Found a faded altar of an unknown god.
  1570 | D:2      | Reached skill level 4 in Axes
  1570 | D:2      | Reached XP level 5. HP: 41/42 MP: 5/5
  1894 | D:3      | Found a broken altar of Ashenzari.
  1921 | D:3      | Found a glowing golden altar of the Shining One.
  2044 | D:3      | Found a bloodstained altar of Trog.
  2048 | D:3      | Found a white marble altar of Elyvilon.
  2165 | D:3      | Reached XP level 6. HP: 32/50 MP: 6/6
  2640 | D:4      | Identified the "Fann"
  2648 | D:4      | Reached skill level 5 in Axes
  2751 | D:4      | Found a shimmering altar of Xom.
  2770 | D:4      | Reached skill level 5 in Fighting
  2919 | D:4      | Noticed an ice beast
  2943 | D:4      | Killed an ice beast
  2944 | D:4      | Reached XP level 7. HP: 15/56 MP: 7/7
  3558 | D:4      | Reached skill level 6 in Axes
  3715 | D:4      | Noticed Sigmund
  3736 | D:4      | Killed Sigmund
  4258 | D:5      | Entered Level 5 of the Dungeon
  4272 | D:4      | Reached skill level 7 in Axes
  4272 | D:4      | Reached XP level 8. HP: 59/64 MP: 8/8
  4562 | D:5      | Found Vuwkon's Magic Scroll Boutique.
  4582 | D:5      | Bought a scroll of identify for 28 gold pieces
  4582 | D:5      | Bought a scroll of identify for 28 gold pieces
  4805 | D:5      | Reached skill level 8 in Axes
  4867 | D:5      | Found a radiant altar of Vehumet.
  4926 | D:5      | Found a hide-covered altar of Uskayaw.
  5431 | D:6      | Reached XP level 9. HP: 70/72 MP: 9/9
  5515 | D:6      | Reached skill level 5 in Shields
  5518 | D:6      | Reached skill level 9 in Axes
  5617 | D:6      | Found a basalt altar of Yredelemnul.
  5917 | D:6      | Found Kuhak's Antique Weapon Shoppe.
  6208 | D:7      | Noticed Joseph
  6243 | D:7      | Killed Joseph
  6244 | D:7      | Reached skill level 5 in Armour
  6381 | D:7      | Reached skill level 10 in Axes
  6543 | D:7      | Found a staircase to the Ecumenical Temple.
  6634 | D:7      | Identified the +2 cloak of Tonneug {Fly rPois rC++ Regen+}
  6677 | Temple   | Entered the Ecumenical Temple
  6724 | Temple   | Became a worshipper of Ru the Awakened
  6801 | D:7      | Noticed a troll
  6822 | D:7      | HP: 3/72 [troll (2)]
  6823 | D:7      | Slain by a troll

Illustrated notes

Levels and vault maps discovered:
D:1:      minmay_arrival_plants_in_alcoves, layout_basic, grunt_decor_cap,
          kennysheep_boxes
D:2:      layout_loops_cross, ebering_ecumenical_altar_rust, minivault_4
D:3:      layout_basic, mainiacjoe_overflow_catwalk_spiral, jmf_multi_god_temple
D:4:      layout_basic, mainiacjoe_overflow_paths, serial_forest,
          infiniplex_forest_clump_curved, infiniplex_forest_lined_room_,
          infiniplex_forest_end_2, infiniplex_forest_clump_tiny,
          infiniplex_forest_lined_corner, uniq_sigmund
D:5:      layout_basic, nicolae_uskayaw_suspiria, vehumet_crystals,
          serial_bayou, serial_bayou_pond_c, serial_bayou_crossing,
          serial_bayou_pond_b, serial_bayou_lagoon_a, serial_shops,
          nicolae_lakefront_shop, hangedman_decor_push, minmay_statues_item
D:6:      layout_rooms, nicolae_take_the_stairs, roadster_capsule_ark_zombie
D:7:      layout_cave_pods, grunt_temple_overflow_forces_of_nature,
          temple_pool_b, uniq_joseph
Temple:   hellmonk_temple_beads

Skill      XL: |  1  2  3  4  5  6  7  8  9 |
---------------+----------------------------+-----
Axes           | 3 4 5 7 8 10 | 10.0
Fighting       | 4 5 6 7 |  7.4
Armour         | 5 |  5.9
Shields        | 6 |  6.3

Action                     |  1- 3 |  4- 6 |  7- 9 || total
---------------------------+-------+-------+-------++-------
  Melee: War axe           |    62 |   132 |   369 ||   563
    Use: Potion            |     1 |       |     2 ||     3
         Scroll            |       |       |     2 ||     2
 Armour: Scale mail        |    58 |    91 |    90 ||   239
         Plate armour      |       |       |   199 ||   199
  Dodge: Dodged            |    43 |    71 |   116 ||   230
  Block: Buckler           |    14 |    46 |    78 ||   138

Table legend: (Time is in decaauts)
 A = Elapsed time spent in this place.
 B = Non-inter-level travel time spent in this place.
 C = Inter-level travel time spent in this place.
 D = Time resting spent in this place.
 E = Time spent auto-exploring this place.
 F = Levels seen in this place.
 G = Mean time per level.
                   A        B        C        D        E       F      G
               +--------+--------+--------+--------+--------+-----+--------+
         Total |   6961 |   6632 |    329 |    248 |   4731 |   8 |  870.1 |
       Dungeon |   6895 |   6629 |    266 |    248 |   4731 |   7 |  985.0 |
        Temple |     66 |      3 |     63 |      0 |      0 |   1 |   66.0 |
               +--------+--------+--------+--------+--------+-----+--------+

Top non-repeatable levels by time:
     D:4: 1574 daAuts
     D:5: 1084 daAuts
     D:1: 1027 daAuts
     D:2: 919 daAuts
     D:3: 833 daAuts
     D:6: 803 daAuts
     D:7: 651 daAuts
  Temple: 66 daAuts
